 Dungeon Crawl Stone Soup version 0.23-a0-295-g2e428d4 (webtiles) character file.

1703 Amnesiac the Thaumaturge (level 8, -10/52 HPs)
             Began as a Mummy Wizard on Oct 4, 2018.
             Mangled by a two-headed ogre
             ... wielding a +0 giant spiked club
              (14 damage)
             ... on level 8 of the Dungeon.
             The game lasted 00:18:32 (5794 turns).

Amnesiac the Thaumaturge (Mummy Wizard)             Turns: 5794, Time: 00:18:33

Health: -10/52     AC:  7    Str: 10    XL:     8   Next: 73%
Magic:  2/25       EV: 10    Int: 20    God:
Gold:   318        SH:  0    Dex: 10    Spells: 22/33 levels left

rFire    x . .     SeeInvis .   a - +2 dagger (venom)
rCold    + . .     Gourm    .   (no shield)
rNeg     + + +     Faith    .   p - -1 ring mail
rPois    ∞         Spirit   .   h - +0 helmet
rElec    .         Reflect  .   (no cloak)
rCorr    .         Harm     .   d - +1 pair of gloves
MR       +....                  (no boots)
Stlth    +.........             (no amulet)
HPRegen  0.17/turn              (no ring)
MPRegen  0.19/turn              g - ring of wizardry

@: very slightly contaminated
A: no food or potions, fire vulnerability, cold resistance 1, negative energy
resistance 3, torment resistance, unbreathing
a: no special abilities


You were on level 8 of the Dungeon.
You were not hungry.

You visited 1 branch of the dungeon, and saw 6 of its levels.

You collected 318 gold pieces.

Inventory:

Hand Weapons
 a - a +2 dagger of venom (weapon)
 k - a +1 dagger of protection
Missiles
 i - 20 poisoned needles
Armour
 d - a +1 pair of gloves (worn)
 e - a +0 robe
 h - a +0 helmet (worn)
 p - a -1 ring mail (worn)
Jewellery
 g - a ring of wizardry (right hand)
Scrolls
 c - a scroll of remove curse {!r}
 f - 2 scrolls of teleportation {!r}
 l - 2 scrolls of fear {!r}
 n - 2 scrolls of enchant weapon {!r}
 o - 2 scrolls of enchant armour {!r}


   Skills:
 - Level 1.5 Dodging
 - Level 1.5 Stealth
 + Level 13.4 Spellcasting
 - Level 0.7 Conjurations
 - Level 0.7 Summonings
 - Level 0.7 Translocations


You had 22 spell levels left.
You knew the following spells:

 Your Spells              Type           Power        Failure   Level  Hunger
a - Magic Dart            Conj           ###.         4%          1    N/A
b - Call Imp              Summ           ###.....     6%          2    N/A
e - Mephitic Cloud        Conj/Pois/Air  ##......     14%         3    N/A
s - Conjure Flame         Conj/Fire      ##......     13%         3    N/A
v - Blink                 Tloc           N/A          6%          2    N/A

Your spell library contained the following spells:

 Spells                   Type           Power        Failure   Level  Hunger
 Slow                     Hex            ##......     8%          2    N/A

Dungeon Overview and Level Annotations

Branches:
Dungeon (5/15)
 Temple: D:4-7

Altars:

Annotations:
D:2 Karim's ghost, weakling DDFi
D:5 2 transporters, feelmyfire's ghost, amateur DrCj


Innate Abilities, Weirdness & Mutations

You do not eat or drink.
Your flesh is vulnerable to fire.
You are immune to poison.
Your flesh is cold resistant. (rC+)
You are immune to negative energy. (rN+++)
You are immune to unholy pain and torment.
You can survive without breathing.


Message History

Press: ? - help, Shift-Dir - straight line, f/p - two-headed ogre
Aim: a two-headed ogre, wielding a giant spiked club and a giant club The magic dart hits the two-headed ogre.
The two-headed ogre is moderately wounded.
Casting: Magic Dart (safe; 4% risk of failure)
Confirm with . or Enter, or press ? or * to list all spells.
Aiming: Magic Dart (safe; 4% risk of failure)
Press: ? - help, Shift-Dir - straight line, f/p - two-headed ogre
Aim: a two-headed ogre, wielding a giant spiked club and a giant club The magic dart hits the two-headed ogre.
The two-headed ogre is moderately wounded.
The two-headed ogre gestures wildly.
Casting: Magic Dart (safe; 4% risk of failure)
Confirm with . or Enter, or press ? or * to list all spells.
Aiming: Magic Dart (safe; 4% risk of failure)
Press: ? - help, Shift-Dir - straight line, f/p - two-headed ogre
Aim: a two-headed ogre, wielding a giant spiked club and a giant club The magic dart hits the two-headed ogre.
The two-headed ogre is heavily wounded.
The two-headed ogre seems less confused.
Casting: Magic Dart (safe; 4% risk of failure)
Confirm with . or Enter, or press ? or * to list all spells.
Aiming: Magic Dart (safe; 4% risk of failure)
Press: ? - help, Shift-Dir - straight line, f/p - two-headed ogre
Aim: a two-headed ogre, wielding a giant spiked club and a giant club The magic dart hits the two-headed ogre.
The two-headed ogre is moderately wounded.
Casting: Magic Dart (safe; 4% risk of failure)
Confirm with . or Enter, or press ? or * to list all spells.
Aiming: Magic Dart (safe; 4% risk of failure)
Press: ? - help, Shift-Dir - straight line, f/p - two-headed ogre
Aim: a two-headed ogre, wielding a giant spiked club and a giant club The magic dart hits the two-headed ogre.
The two-headed ogre is heavily wounded.
Casting: Magic Dart (safe; 4% risk of failure)
Confirm with . or Enter, or press ? or * to list all spells.
Aiming: Magic Dart (safe; 4% risk of failure)
Press: ? - help, Shift-Dir - straight line, f/p - two-headed ogre
Aim: a two-headed ogre, wielding a giant spiked club and a giant club (heavily The magic dart hits the two-headed ogre.
The two-headed ogre is heavily wounded.
The two-headed ogre hits you with a giant spiked club!!
Ouch! That really hurt!
* * * LOW HITPOINT WARNING * * *
The two-headed ogre hits you with a giant club!
* * * LOW HITPOINT WARNING * * *
Casting: Magic Dart (safe; 4% risk of failure)
Confirm with . or Enter, or press ? or * to list all spells.
Aiming: Magic Dart (safe; 4% risk of failure)
Press: ? - help, Shift-Dir - straight line, f/p - two-headed ogre
Aim: a two-headed ogre, wielding a giant spiked club and a giant club (heavily The magic dart hits the two-headed ogre.
The two-headed ogre is heavily wounded.
Casting: Magic Dart (safe; 4% risk of failure)
Confirm with . or Enter, or press ? or * to list all spells.
Aiming: Magic Dart (safe; 4% risk of failure)
Press: ? - help, Shift-Dir - straight line, f/p - two-headed ogre
Aim: a two-headed ogre, wielding a giant spiked club and a giant club (heavily The magic dart hits the two-headed ogre.
The two-headed ogre is heavily wounded.
The two-headed ogre hits you with a giant spiked club!
* * * LOW HITPOINT WARNING * * *
The two-headed ogre hits you with a giant club!
You die...

# #. #.. #...########
#..........#
#..........#
#######....#
#...O##....#
######..@.......#
#....##...##....#
#....##...########..#
#....##...##........#
#...................#
#....##.............#
#....##.............#
#....#######....##..#
#....##...##....##..#


You could see a two-headed ogre.

Vanquished Creatures
  A hippogriff (D:4)
  Eustachio (D:5)
  An orc warrior (D:4)
  An ice beast (D:8)
  A centaur (D:5)
  A big kobold (D:8)
  A bullfrog (D:5)
  A water moccasin skeleton (D:8)
  A scorpion (D:5)
  A crimson imp (D:5)
  A centaur zombie (D:5)
  2 hounds (D:5)
  3 orc priests
  8 orc wizards
  2 iguanas (D:5)
  6 worker ants
  A hound skeleton (D:5)
  Robin (D:3)
  3 gnolls (D:8)
  5 adders
  An adder skeleton (D:5)
  2 dart slugs
  A leopard gecko (D:1)
  26 orcs
  3 giant cockroaches
  15 goblins
  7 hobgoblins
  11 jackals
  2 quokkas
  A ball python (D:3)
  5 bats
  3 frilled lizards
  11 kobolds
  4 rats
134 creatures vanquished.

Vanquished Creatures (collateral kills)
  A bullfrog (D:4)
  2 crimson imps
  2 jackals (D:4)
5 creatures vanquished.

Grand Total: 139 creatures vanquished

Notes
Turn   | Place    | Note
-------+----------+-------------------------------------------
     0 | D:1      | Amnesiac the Mummy Wizard began the quest for the Orb.
     0 | D:1      | Reached XP level 1. HP: 13/13 MP: 5/5
   262 | D:1      | Reached XP level 2. HP: 5/19 MP: 0/7
   481 | D:1      | Learned a level 2 spell: Blink
   484 | D:1      | Learned a level 2 spell: Call Imp
   834 | D:2      | Reached skill level 5 in Spellcasting
  1396 | D:2      | You fall through a shaft!
  1402 | D:3      | Reached XP level 3. HP: 21/24 MP: 5/9
  1407 | D:3      | Learned a level 3 spell: Conjure Flame
  1411 | D:3      | Learned a level 3 spell: Mephitic Cloud
  1663 | D:3      | Reached skill level 6 in Spellcasting
  1716 | D:3      | Reached XP level 4. HP: 17/30 MP: 8/12
  1741 | D:3      | Noticed Robin
  1759 | D:3      | Killed Robin
  2155 | D:4      | Reached skill level 7 in Spellcasting
  2299 | D:4      | Reached XP level 5. HP: 23/35 MP: 14/14
  2503 | D:4      | Reached skill level 8 in Spellcasting
  2666 | D:4      | Reached XP level 6. HP: 26/41 MP: 13/17
  3010 | D:4      | Found a runed door.
  3012 | D:4      | Noticed Karim's ghost (weakling DDFi)
  3053 | D:4      | Noticed a hippogriff
  3071 | D:4      | Killed a hippogriff
  3071 | D:4      | Reached skill level 9 in Spellcasting
  3071 | D:4      | Reached XP level 7. HP: 38/46 MP: 3/20
  3347 | D:4      | Reached skill level 10 in Spellcasting
  3592 | D:5      | Entered Level 5 of the Dungeon
  4031 | D:5      | Reached skill level 11 in Spellcasting
  4149 | D:5      | Found a transporter.
  4152 | D:5      | Found a transporter.
  4152 | D:5      | Noticed feelmyfire's ghost (amateur DrCj)
  4388 | D:5      | Reached XP level 8. HP: 35/52 MP: 18/23
  4622 | D:5      | Reached skill level 12 in Spellcasting
  4723 | D:5      | Noticed Eustachio
  4749 | D:5      | Killed Eustachio
  5007 | D:5      | You fall through a shaft for 3 floors!
  5090 | D:8      | Reached skill level 13 in Spellcasting
  5768 | D:8      | Noticed a two-headed ogre
  5794 | D:8      | Mangled by a two-headed ogre

Vault maps used:
D:1:      scummos_arrival_gate
D:3:      portal_sewer_entry_b, uniq_robin
D:4:      ebering_ghost_inner_flame, first_ration, minmay_small_thing
D:5:      gammafunk_ghost_arena, kennysheep_doodads, kennysheep_diamond,
          kennysheep_cross_bottleneck, corexii_hall_statues_x,
          grunt_ministairs_15, tgw_xom, uniq_eustachio
D:8:      david_lair_generic

Skill      XL: |  1  2  3  4  5  6  7  8 |
---------------+-------------------------+-----
Spellcasting   | 5 6 7 8 9 11 13 | 13.4
Dodging        | |  1.5
Stealth        | |  1.5
Conjurations   | |  0.7
Summonings     | |  0.7
Translocations | |  0.7

Action                   |  1- 3 |  4- 6 |  7- 9 || total
-------------------------+-------+-------+-------++-------
Melee: Unarmed           |     6 |       |       ||     6
       Spear             |     6 |       |       ||     6
       Dagger            |       |    94 |   183 ||   277
 Fire: Hunting sling     |    74 |    52 |       ||   126
 Cast: Magic Dart        |    79 |    33 |    24 ||   136
       Call Imp          |     3 |     4 |    11 ||    18
       Mephitic Cloud    |       |    14 |    21 ||    35
       Conjure Flame     |       |     3 |     6 ||     9
       Blink             |       |     1 |     4 ||     5
  Use: Scroll            |     2 |     1 |     4 ||     7
 Stab: Confused          |       |     2 |     8 ||    10
       Sleeping          |       |       |     1 ||     1
Armor: Robe              |    22 |    37 |     5 ||    64
       Ring mail         |       |       |    79 ||    79
Dodge: Dodged            |    63 |   114 |   126 ||   303

Table legend:
 A = Non-vault XP
 B = Vault XP
 C = Vault XP percentage of total XP
 D = Non-vault monster count
 E = Vault monster count
 F = Vault count percentage of total count
                 A         B        C        D         E       F
            +---------+---------+-------+---------+---------+-------
      Total |    1700 |     734 |  30.2 |     121 |      18 |  12.9
            +---------+---------+-------+---------+---------+-------
        D:1 |      16 |       0 |   0.0 |       9 |       0 |   0.0
        D:2 |      44 |       0 |   0.0 |      18 |       0 |   0.0
        D:3 |      88 |      31 |  26.1 |      24 |      10 |  29.4
        D:4 |     372 |     418 |  52.9 |      26 |       3 |  10.3
        D:5 |     727 |     285 |  28.2 |      22 |       5 |  18.5
        D:8 |     453 |       0 |   0.0 |      22 |       0 |   0.0
            +---------+---------+-------+---------+---------+-------
